 Dungeon Crawl Stone Soup version 0.21.1-1-g345015f (webtiles) character file.

537 wojtek the Chiller (level 7, -2/36 HPs)
             Began as a Deep Elf Ice Elementalist on June 30, 2018.
             Slain by a hornet zombie (6 damage)
             ... on level 5 of the Dungeon.
             The game lasted 00:10:03 (6056 turns).

wojtek the Chiller (Deep Elf Ice Elementalist)      Turns: 6056, Time: 00:10:04

Health: -2/36      AC:  4    Str:  5    XL:     7   Next: 5%
Magic:  2/17       EV: 13    Int: 22    God:
Gold:   270        SH:  0    Dex: 15    Spells: 12/17 levels left

rFire    . . .     SeeInvis .   y - +1 dagger (holy)
rCold    . . .     Gourm    .   (no shield)
rNeg     . . .     Faith    .   w - +0 robe
rPois    .         Spirit   .   (no helmet)
rElec    .         Reflect  .   (no cloak)
rCorr    .         Harm     .   x - +0 pair of gloves of the Blacksmith {+Inv} (curse)
MR       .....                  d - +0 pair of boots
Stlth    ++........             (no amulet)
HPRegen  0.12/turn              (no ring)
MPRegen  0.15/turn              (no ring)

@: no status effects
A: no striking features
a: Evoke Invisibility


You were on level 5 of the Dungeon.
You were not hungry.

You visited 1 branch of the dungeon, and saw 5 of its levels.

You collected 270 gold pieces.

Inventory:

Hand Weapons
 y - a +1 dagger of holy wrath (weapon)
Armour
 d - a +0 pair of boots (worn)
 m - a +1 pair of gloves
 w - a +0 robe (worn)
 x - the cursed +0 pair of gloves of the Blacksmith (worn) {+Inv}
   (You found it on level 4 of the Dungeon)

   It lets you turn invisible.
   It has a curse placed upon it.
Jewellery
 u - an uncursed amulet of rage {unknown}
Scrolls
 f - 5 scrolls of identify {unknown}
 g - 2 scrolls of remove curse {unknown}
 i - a scroll of random uselessness {unknown}
 j - a scroll of immolation {unknown}
 k - a scroll of magic mapping {unknown}
 l - a scroll of noise {unknown}
 n - 3 scrolls of amnesia {unknown}
 q - 4 scrolls of teleportation {unknown}
 s - a scroll of fog {unknown}
 t - a scroll of enchant weapon {unknown}
Potions
 e - 2 potions of curing
 h - a potion of lignification {unknown}
 o - a potion of invisibility {unknown}
 p - a potion of mutation {unknown}
 r - a potion of flight {unknown}
Books
 b - a book of Frost

   Spells                             Type                      Level
   a - Freeze                         Ice                          1
   b - Throw Frost                    Conjuration/Ice              2
   c - Ozocubu's Armour               Charms/Ice                   3
   d - Throw Icicle                   Conjuration/Ice              4
   e - Summon Ice Beast               Ice/Summoning                4
 v - a book of Changes

   Spells                             Type                      Level
   a - Beastly Appendage              Transmutation                1
   b - Sticks to Snakes               Transmutation                2
   c - Spider Form                    Transmutation/Poison         3
   d - Ice Form                       Ice/Transmutation            4
   e - Blade Hands                    Transmutation                5
Comestibles
 c - 6 rations


   Skills:
 - Level 2.4 Dodging
 - Level 2.4 Stealth
 + Level 5.7 Spellcasting
 - Level 1.1 Conjurations
 + Level 7.8 Ice Magic


You had 12 spell levels left.
You knew the following spells:

 Your Spells              Type           Power        Failure   Level  Hunger
a - Throw Icicle          Conj/Ice       ####....     14%         4    ####...
b - Freeze                Ice            ####         1%          1    None


Dungeon Overview and Level Annotations

Branches:
Dungeon (5/15)
 Temple: D:4-7

Altars:

Shops:
D:4 (

Annotations:
D:3 Sigmund, Terence
D:4 2 transporters


Message History

Press: ? - help, Shift-Dir - straight line, f/p - hornet zombie
Aim: a hornet zombie (heavily damaged)
The shard of ice hits the hornet zombie.
The hornet zombie partially resists.
The hornet zombie is severely damaged.
The hornet zombie misses you.
Casting: Throw Icicle
Confirm with . or Enter, or press ? or * to list all spells.
You don't have enough magic to cast that spell.
No previous command to re-do.
No previous command to re-do.
You closely miss the hornet zombie.
The hornet zombie is severely damaged.
The hornet zombie hits you!
* * * LOW HITPOINT WARNING * * *
The hornet zombie closely misses you.
You closely miss the hornet zombie.
The hornet zombie is severely damaged.
The hornet zombie hits you.
You die...

#...........#
##.#.#.#.#.##
#...........#
#....#.#.#.#.#.##
#.##.#.##..##..#
#.......## .##
...###.####.## #.
#.#.....# # #.#@#
#.#Z# #.#.###
#.....# ###.#.# #
#.#.#.# ##
##.#.#.# ..
##......# W#
#..##.### .# ##


You could see a hornet zombie.

Vanquished Creatures
  A water moccasin (D:5)
  The ghost of dscm the Sneak, an amateur OpEE (D:4)
  3 hounds (D:4)
  An orc wizard (D:3)
  3 iguanas (D:4)
  A hound zombie (D:5)
  A howler monkey zombie (D:5)
  5 adders
  2 oozes
  A dart slug (D:1)
  4 leopard geckos
  11 orcs
  4 ball pythons
  5 bats
  4 giant cockroaches
  8 hobgoblins
  6 jackals (D:1)
  A quokka (D:3)
  5 frilled lizards
  5 goblins
  A kobold (D:1)
  6 rats
79 creatures vanquished.

Notes
Turn   | Place    | Note
-------+----------+-------------------------------------------
     0 | D:1      | wojtek the Deep Elf Ice Elementalist began the quest for the Orb.
     0 | D:1      | Reached XP level 1. HP: 10/10 MP: 6/6
   222 | D:1      | Reached XP level 2. HP: 11/15 MP: 6/8
   223 | D:1      | Reached skill level 4 in Ice Magic
   679 | D:1      | Reached XP level 3. HP: 9/19 MP: 6/9
  2160 | D:3      | Reached skill level 5 in Ice Magic
  2477 | D:3      | Noticed Sigmund
  2573 | D:4      | Found Losuf's Antique Weapon Shoppe.
  2586 | D:4      | Reached XP level 4. HP: 14/24 MP: 5/10
  2720 | D:4      | Found a transporter.
  2724 | D:4      | Noticed a fire bat
  2724 | D:4      | Noticed a fire bat
  2781 | D:4      | Found a transporter.
  2941 | D:4      | Reached skill level 6 in Ice Magic
  2949 | D:4      | Reached XP level 5. HP: 18/28 MP: 4/11
  3107 | D:4      | Learned a level 4 spell: Throw Icicle
  3357 | D:4      | Noticed dscm's ghost (amateur OpEE)
  3374 | D:4      | Killed dscm's ghost
  3374 | D:4      | Reached skill level 7 in Ice Magic
  3483 | D:4      | Reached XP level 6. HP: 32/32 MP: 9/14
  3623 | D:4      | Got a pair of bloodstained gloves
  3634 | D:4      | Identified the cursed +0 pair of gloves of the Blacksmith {+Inv} (You found it on level 4 of the Dungeon)
  4594 | D:3      | Noticed Terence
  4886 | D:5      | Entered Level 5 of the Dungeon
  5704 | D:5      | Noticed a water moccasin
  5713 | D:5      | Killed a water moccasin
  5713 | D:5      | Reached skill level 5 in Spellcasting
  5715 | D:5      | Reached XP level 7. HP: 17/36 MP: 7/17
  6056 | D:5      | Slain by a hornet zombie

Skill      XL: |  1  2  3  4  5  6 |
---------------+-------------------+-----
Ice Magic      | 4 5 6 7 |  7.8
Spellcasting   | 4 5 |  5.7
Dodging        | |  2.4
Stealth        | |  2.4
Conjurations   | |  1.1

Action                   |  1- 3 |  4- 6 |  7- 9 || total
-------------------------+-------+-------+-------++-------
Melee: Unarmed           |     4 |       |       ||     4
       Dagger            |    30 |    10 |     7 ||    47
 Cast: Freeze            |    57 |    69 |    13 ||   139
       Throw Icicle      |       |    27 |     6 ||    33
  Use: Potion            |       |       |     1 ||     1
 Stab: Sleeping          |     3 |       |       ||     3
  Eat: Chunk             |     5 |     9 |       ||    14
       Ration            |       |     1 |     1 ||     2
Armor: Robe              |    11 |    22 |     7 ||    40
Dodge: Dodged            |    59 |    49 |    18 ||   126
